 Dungeon Crawl Stone Soup version 0.20-a0-1040-gfd09691 (webtiles) character file.

557779 magipi the Fetichist (level 27, 0/204 (206) HPs)
             Began as a Gnoll Berserker on Apr 21, 2017.
             Was a High Priest of Trog.
             Slain by an acid blob (26 damage)
             ... while paralysed by a floating eye
             ... on level 5 of the Pits of Slime on Apr 23, 2017.
             The game lasted 07:06:54 (85578 turns).

magipi the Fetichist (Gnoll Berserker)             Turns: 85578, Time: 07:06:55

HP:   0/204 (206)   AC: 29    Str: 30    XL:     27
MP:   35/35         EV:  2    Int: 18    God:    Trog [*****.]
Gold: 1336          SH:  0    Dex: 20    Spells: 26/26 levels left

rFire    + + .     SeeInvis +   a - +3 double sword (drain)
rCold    + . .     Gourm    .   z - +2 buckler {AC+3}
rNeg     . . .     Faith    +   w - +8 orange crystal plate armour {Archmagi, Int+3 Clar}
rPois    .         Spirit   .   (helmet restricted)
rElec    +         Reflect  .   E - scarf "Seqidd" {rElec SInv}
rCorr    +         Harm     .   q - +2 pair of gloves
MR       +....     Clarity  +   O - +2 pair of boots of Imnoh {rF+ Int+3}
Stlth    ..........             L - amulet "Cuupovoff" {Faith rElec rF+}
Regen    0.5/turn               c - ring "Wuxkowk" {rCorr +Inv rC+ Str+4 Int+3}
MPRegen  0.3/turn               s - +5 ring of strength

@: paralysed, corroded
A: short attention span, fangs 1, horns 2, screaming 1, subdued magic 1, strong
nose
}: 2/15 runes: decaying, gossamer
a: Berserk, Trog's Hand, Brothers in Arms, Burn Spellbooks, Renounce Religion,
Evoke Invisibility


You were on level 5 of the Pits of Slime.
You worshipped Trog.
Trog was extremely pleased with you.
You were not hungry.

You visited 9 branches of the dungeon, and saw 47 of its levels.
You also visited: Labyrinth, Ice Cave and Volcano.

You collected 4505 gold pieces.
You spent 3169 gold pieces at shops.

Notes
Turn   | Place    | Note
-------+----------+-------------------------------------------
     0 | D:1      | magipi the Gnoll Berserker began the quest for the Orb.
     0 | D:1      | Reached XP level 1. HP: 20/20 MP: 1/1
   223 | D:1      | Reached XP level 2. HP: 14/26 MP: 2/2
   739 | D:1      | Reached skill level 5 in Long Blades
   740 | D:1      | Reached XP level 3. HP: 31/31 MP: 3/3
  1182 | D:2      | Reached ** piety under Trog
  1190 | D:2      | Found a white marble altar of Elyvilon.
  1418 | D:2      | Reached XP level 4. HP: 35/38 MP: 4/4
  1741 | D:2      | Reached skill level 5 in Fighting
  1911 | D:2      | Noticed Natasha
  1921 | D:2      | Killed Natasha
  2018 | D:2      | Reached XP level 5. HP: 44/44 MP: 5/5
  2197 | D:2      | Noticed Natasha
  2207 | D:2      | Killed Natasha
  2343 | D:2      | Found a white marble altar of Elyvilon.
  2687 | D:2      | Noticed Natasha
  2699 | D:2      | Killed Natasha
  2699 | D:2      | Reached skill level 5 in Armour
  3053 | D:3      | Noticed Terence
  3073 | D:3      | Killed Terence
  3125 | D:3      | Noticed Jessica
  3141 | D:3      | Killed Jessica
  3141 | D:3      | Reached XP level 6. HP: 52/52 MP: 6/6
  3372 | D:3      | Found a glowing golden altar of the Shining One.
  3586 | D:3      | Found a shadowy altar of Dithmenos.
  3866 | D:4      | Reached *** piety under Trog
  4153 | D:4      | Reached skill level 5 in Dodging
  4153 | D:4      | Reached XP level 7. HP: 58/58 MP: 7/7
  4599 | D:4      | Found a basalt altar of Yredelemnul.
  4735 | D:5      | Entered Level 5 of the Dungeon
  5006 | D:5      | Noticed Prince Ribbit
  5047 | D:5      | Killed Prince Ribbit
  5047 | D:5      | Reached XP level 8. HP: 59/67 MP: 8/8
  5170 | D:5      | Found Qogaerr's Distillery.
  5184 | D:5      | Bought a potion of heal wounds for 75 gold pieces
  5184 | D:5      | Bought a potion of heal wounds for 75 gold pieces
  5184 | D:5      | Bought a potion of lignification for 45 gold pieces
  5375 | D:5      | Noticed Sigmund
  5387 | D:5      | Killed Sigmund
  5502 | D:6      | Found a sacrificial altar of Ru.
  5662 | D:6      | Reached **** piety under Trog
  5836 | D:5      | Reached XP level 9. HP: 62/74 MP: 9/9
  6232 | D:7      | Found a staircase to the Ecumenical Temple.
  6879 | D:7      | Found a deep blue altar of Sif Muna.
  6966 | D:7      | Got a twitching bronze ring
  7029 | D:7      | Identified the ring "Biokkeu" {rCorr Dex+4} (You found it on level 7 of the Dungeon)
  7357 | D:7      | Reached skill level 10 in Long Blades
  7395 | D:7      | Reached XP level 10. HP: 70/83 MP: 10/10
  7811 | D:8      | Found an ancient bone altar of Kikubaaqudgha.
  8019 | D:8      | Reached ***** piety under Trog
  8320 | D:8      | Received a gift from Trog
  8421 | D:8      | Found a shadowy altar of Dithmenos.
  8574 | D:8      | Found a shadowy altar of Dithmenos.
  8733 | D:8      | Found an ancient bone altar of Kikubaaqudgha.
  8948 | D:9      | Noticed Grum
  8975 | D:9      | Killed Grum
  9096 | D:9      | Noticed Erolcha
  9106 | D:9      | Killed Erolcha
  9106 | D:9      | Reached skill level 2 in Evocations
  9211 | D:9      | Noticed Erica
  9225 | D:9      | Killed Erica
  9225 | D:9      | Reached skill level 3 in Evocations
  9225 | D:9      | Reached XP level 11. HP: 68/89 MP: 11/13
  9652 | D:9      | Found a hazy altar of Hepliaklqana.
  9694 | D:9      | Noticed Gastronok
  9766 | D:9      | Killed Gastronok
  9766 | D:9      | Reached skill level 4 in Evocations
 10006 | D:10     | Entered Level 10 of the Dungeon
 10029 | D:10     | Reached skill level 5 in Throwing
 10325 | D:10     | Found a staircase to the Lair.
 10488 | D:10     | Reached skill level 5 in Evocations
 11365 | D:11     | Reached skill level 10 in Fighting
 11365 | D:11     | Reached skill level 1 in Shields
 11427 | D:11     | Noticed a green ugly thing
 11436 | D:11     | Received a gift from Trog
 11438 | D:11     | Killed a green ugly thing
 11627 | D:11     | Reached skill level 6 in Evocations
 11804 | D:11     | Noticed a two-headed ogre
 11816 | D:11     | Killed a two-headed ogre
 11816 | D:11     | Reached XP level 12. HP: 97/97 MP: 16/16
 11890 | D:11     | Reached skill level 5 in Shields
 11944 | D:11     | Reached skill level 10 in Dodging
 12137 | D:11     | Noticed a five-headed hydra
 12154 | D:11     | Received a gift from Trog
 12162 | D:11     | Killed a one-headed hydra
 12162 | D:11     | Reached skill level 10 in Armour
 12162 | D:11     | Reached skill level 7 in Evocations
 12767 | D:11     | Noticed a two-headed ogre
 12786 | D:11     | Killed a two-headed ogre
 12786 | D:11     | Reached skill level 8 in Evocations
 13011 | D:11     | Received a gift from Trog
 13194 | D:11     | Noticed a centaur warrior
 13219 | D:11     | Killed a centaur warrior
 13630 | D:11     | Reached skill level 9 in Evocations
 13639 | D:12     | Found a staircase to the Orcish Mines.
 13742 | D:12     | Noticed Josephine
 13759 | D:12     | Killed Josephine
 13786 | D:12     | Reached XP level 13. HP: 81/103 MP: 15/19
 13853 | D:12     | Found a snail-covered altar of Cheibriados.
 14367 | D:12     | Found Pokhlu's Antique Weapon Emporium.
 14426 | D:12     | Found a roughly hewn altar of Beogh.
 14658 | D:5      | Bought a potion of flight for 45 gold pieces
 14658 | D:5      | Bought a potion of brilliance for 60 gold pieces
 14658 | D:5      | Bought a potion of magic for 120 gold pieces
 14658 | D:5      | Bought a potion of curing for 45 gold pieces
 14658 | D:5      | Bought a potion of curing for 45 gold pieces
 14658 | D:5      | Bought a potion of curing for 45 gold pieces
 14791 | Lair:1   | Entered Level 1 of the Lair of Beasts
 14965 | Lair:1   | Found a labyrinth entrance.
 14983 | Lab      | Entered a labyrinth
 15287 | Lab      | Noticed a minotaur
 15297 | Lab      | Killed a minotaur
 15297 | Lab      | Reached skill level 10 in Evocations
 15300 | Lab      | Got a transparent plate armour
 15351 | Lab      | Identified the +1 plate armour "Ugetoed" {Dex+4} (You took it off a minotaur in a labyrinth)
 15608 | Lair:1   | Received a gift from Trog
 16241 | Lair:1   | Reached skill level 10 in Shields
 16474 | Lair:2   | Found a frozen archway.
 16505 | IceCv    | Entered an ice cave
 16546 | IceCv    | Got an encrusted chain mail
 16616 | IceCv    | Identified the cursed +1 chain mail of Biss {SInv} (You found it in an ice cave)
 17342 | Lair:3   | Noticed Rupert
 17349 | Lair:3   | Paralysed by Rupert for 5 turns
 17355 | Lair:3   | Killed Rupert
 17997 | Lair:3   | Found a hole to the Spider Nest.
 18261 | Lair:4   | Found a dark tunnel.
 18290 | Volcano  | Entered a volcano
 18331 | Volcano  | Reached XP level 14. HP: 85/110 MP: 21/21
 18332 | Volcano  | Found a bloodstained altar of Trog.
 18334 | Volcano  | Noticed a red draconian
 18380 | Volcano  | Killed a red draconian
 19118 | Lair:4   | Found a staircase to the Swamp.
 19253 | Lair:4   | Received a gift from Trog
 19699 | Lair:5   | Identified the Grimoire of the Glacier and Combat Magic
 20484 | Lair:5   | Reached skill level 10 in Throwing
 20595 | Lair:6   | Entered Level 6 of the Lair of Beasts
 21454 | Lair:6   | Received a gift from Trog
 21714 | Lair:6   | Reached XP level 15. HP: 68/115 MP: 22/22
 22395 | Lair:6   | Found a staircase to the Slime Pits.
 23322 | Orc:1    | Entered Level 1 of the Orcish Mines
 23341 | Orc:1    | Received a gift from Trog
 23773 | Orc:1    | Reached ****** piety under Trog
 24143 | Orc:1    | Received a gift from Trog
 24358 | Orc:2    | Entered Level 2 of the Orcish Mines
 24595 | Orc:1    | Found a roughly hewn altar of Beogh.
 24651 | Orc:2    | Found a staircase to the Elven Halls.
 24652 | Orc:2    | Noticed Maurice
 24653 | Orc:2    | Noticed Maurice
 24653 | Orc:2    | Maurice changed into Maurice the black bear
 24660 | Orc:2    | Killed Maurice the black bear
 25475 | Orc:2    | Received a gift from Trog
 25556 | Orc:2    | Found Odeane's Weapon Shop.
 25602 | Orc:2    | Received a gift from Trog
 25777 | Orc:2    | Found Jifaloc's Distillery.
 25879 | Orc:2    | Found Buta's Antique Armour Shoppe.
 25884 | Orc:2    | Found Rawany's Food Boutique.
 25925 | Orc:2    | Bought a potion of curing for 48 gold pieces
 25925 | Orc:2    | Bought a potion of curing for 48 gold pieces
 25934 | Orc:2    | Bought a shiny scale mail for 210 gold pieces
 25934 | Orc:2    | Bought a runed chain mail for 225 gold pieces
 26206 | D:13     | Found Tiekkust's Jewellery Boutique.
 26268 | D:13     | Found Wudera's Armour Emporium.
 26273 | D:13     | Bought a +2 cloak for 214 gold pieces
 26476 | D:13     | Found Qeofyam's Armour Boutique.
 26492 | D:13     | Bought the +2 pair of boots of Imnoh {rF+ Int+3} for 382 gold pieces
 27157 | D:14     | Reached XP level 16. HP: 102/122 MP: 23/23
 27465 | D:14     | Found Yceat's Serpentskin Sales.
 28197 | D:14     | Received a gift from Trog
 28303 | D:14     | Found a gate to the Vaults.
 28744 | D:15     | Entered Level 15 of the Dungeon
 28836 | D:15     | Received a gift from Trog
 29254 | D:15     | Found an iron altar of Okawaru.
 29751 | D:15     | Received a gift from Trog
 29933 | D:15     | Found a staircase to the Depths.
 30243 | Swamp:1  | Entered Level 1 of the Swamp
 30963 | Swamp:1  | Received a gift from Trog
 31257 | Swamp:2  | Reached XP level 17. HP: 129/129 MP: 8/25
 32480 | Swamp:2  | Received a gift from Trog
 32807 | Swamp:3  | Noticed Bai Suzhen
 32981 | Swamp:3  | Reached skill level 11 in Evocations
 33348 | Swamp:3  | Killed Bai Suzhen
 33389 | Swamp:3  | Found an ornate altar of the Wu Jian Council.
 33698 | Swamp:3  | Noticed a tentacled monstrosity
 33698 | Swamp:3  | Found a runed door.
 33771 | Swamp:3  | Killed a tentacled monstrosity
 33821 | Swamp:4  | Entered Level 4 of the Swamp
 34484 | Swamp:4  | Received a gift from Trog
 34825 | Swamp:4  | Received a gift from Trog
 35292 | Swamp:4  | Received a gift from Trog
 35316 | Swamp:4  | Got a decaying rune of Zot
 35529 | Swamp:4  | Received a gift from Trog
 36669 | Vaults:1 | Entered Level 1 of the Vaults
 37253 | Vaults:1 | Got a shimmering plate armour
 37291 | D:14     | Identified the cursed +1 plate armour "Hero's Friend" {rC+ Str+4 Dex+5} (You found it on level 1 of the Vaults)
 37497 | Vaults:1 | Received a gift from Trog
 37497 | Vaults:1 | Reached XP level 18. HP: 138/138 MP: 8/26
 37695 | Vaults:1 | Received a gift from Trog
 38244 | Vaults:1 | Received a gift from Trog
 38916 | Vaults:1 | Received a gift from Trog
 39155 | Vaults:1 | Found Lana's Jewellery Shop.
 39170 | Vaults:1 | Bought an uncursed ring of poison resistance for 380 gold pieces
 39180 | Vaults:1 | Noticed Aizul
 39200 | Vaults:1 | Killed Aizul
 39393 | Vaults:1 | Reached skill level 12 in Evocations
 39447 | Vaults:1 | Received a gift from Trog
 39938 | Vaults:1 | Reached XP level 19. HP: 140/146 MP: 9/28
 40330 | D:14     | Received a gift from Trog
 40487 | Spider:1 | Entered Level 1 of the Spider Nest
 40862 | Spider:1 | Received a gift from Trog
 41087 | Spider:1 | Received a gift from Trog
 42757 | Spider:2 | Received a gift from Trog
 43788 | Spider:2 | Received a gift from Trog
 45370 | Spider:4 | Entered Level 4 of the Spider Nest
 45408 | Spider:4 | Identified the +2 scale mail of Miuqit {MR+ Regen+ Str+2} (You found it on level 4 of the Spider Nest)
 45527 | Spider:3 | Received a gift from Trog
 47126 | Spider:4 | Reached XP level 20. HP: 137/155 MP: 29/29
 47165 | Spider:4 | Received a gift from Trog
 47666 | Spider:4 | Got a gossamer rune of Zot
 48808 | Vaults:2 | Received a gift from Trog
 49048 | Vaults:2 | Received a gift from Trog
 49718 | Vaults:2 | Identified a scroll of acquirement
 49921 | D:13     | Bought the ring "Wuxkowk" {rCorr +Inv rC+ Str+4 Int+3} for 779 gold pieces
 50186 | Vaults:2 | Got a pitted scarf
 50187 | Vaults:2 | Identified the scarf "Seqidd" {rElec SInv} (You acquired it on level 2 of the Vaults)
 50266 | Vaults:2 | Received a gift from Trog
 50418 | Vaults:2 | Found a staircase to the Crypt.
 51478 | Vaults:2 | Received a gift from Trog
 51857 | Vaults:3 | Reached XP level 21. HP: 149/162 MP: 30/30
 51910 | Vaults:3 | Received a gift from Trog
 52702 | Vaults:3 | Received a gift from Trog
 53309 | Vaults:3 | HP: 5/162 [stone giant (35)]
 54551 | Vaults:3 | Received a gift from Trog
 54798 | Vaults:3 | Received a gift from Trog
 55501 | Vaults:4 | Reached XP level 22. HP: 169/169 MP: 31/31
 55506 | Vaults:4 | Received a gift from Trog
 55975 | Vaults:4 | Received a gift from Trog
 56317 | Vaults:4 | Received a gift from Trog
 56492 | Vaults:4 | Found Atutz's Weapon Shop.
 58557 | Depths:1 | Entered Level 1 of the Depths
 58557 | Depths:1 | Found a gateway to Hell.
 58868 | Depths:1 | Received a gift from Trog
 59764 | Depths:1 | Received a gift from Trog
 60512 | D:14     | Received a gift from Trog
 60573 | Elf:1    | Entered Level 1 of the Elven Halls
 60619 | Elf:1    | Got a warped plate armour
 60624 | Elf:1    | Identified the +5 plate armour of the Blind Marksman {Regen+ Int-5 Stlth+} (You acquired it on level 1 of the Elven Halls)
 61102 | Elf:1    | Received a gift from Trog
 61569 | Elf:1    | Noticed Nikola
 61595 | Elf:1    | Killed Nikola
 61747 | Elf:1    | Received a gift from Trog
 61933 | Elf:1    | Got a steaming lead amulet
 61937 | Elf:1    | Identified the amulet "Cuupovoff" {Faith rElec rF+} (You took it off a deep elf mage on level 1 of the Elven Halls)
 62101 | Elf:1    | Found Yckaseg's Jewellery Shop.
 62104 | Elf:1    | Found Nump's Gadget Shoppe.
 62108 | Elf:1    | Found Zabo's Jewellery Shop.
 62138 | Elf:1    | Bought a cursed -3 ring of protection for 24 gold pieces
 62138 | Elf:1    | Bought a cursed amulet of inaccuracy for 24 gold pieces
 62704 | Elf:1    | Reached XP level 23. HP: 176/176 MP: 10/32
 63012 | Elf:2    | Received a gift from Trog
 64012 | D:13     | Bought an uncursed ring of positive energy for 280 gold pieces
 64129 | Depths:1 | Received a gift from Trog
 66061 | Depths:2 | Found a one-way gate to the infinite horrors of the Abyss.
 66113 | Depths:2 | Paralysed by a floating eye for 4 turns
 66579 | Depths:2 | Got a brightly glowing golden ring
 66582 | Depths:2 | Identified the ring "Qisorakhlob" {Wiz MR++} (You took it off a skeletal warrior on level 2 of the Depths)
 66863 | Depths:2 | Found a bloodstained altar of Trog.
 66904 | Depths:2 | Received a gift from Trog
 66966 | Depths:2 | Paralysed by a floating eye for 3 turns
 67373 | Depths:2 | Received a gift from Trog
 67533 | Depths:2 | Noticed Saint Roka
 67988 | Depths:2 | Killed Saint Roka
 68201 | Depths:2 | Got a crude tin ring
 68202 | Depths:2 | Identified the ring "Xogoakk" {+Fly rElec rN+ Slay-5 Stlth+} (You found it on level 2 of the Depths)
 68221 | Depths:2 | Paralysed by a great orb of eyes for 2 turns
 68406 | Depths:1 | Reached skill level 13 in Evocations
 68412 | Depths:1 | Reached XP level 24. HP: 185/185 MP: 10/32
 68530 | Depths:2 | Received a gift from Trog
 68646 | Depths:2 | Got a heavily runed glass ring
 68648 | Depths:2 | Identified the ring of Luach {Ice +Fly MR- Int+7} (You took it off an orc on level 2 of the Depths)
 69354 | Depths:3 | Noticed the Enchantress
 69433 | Depths:3 | Killed the Enchantress
 69437 | Depths:3 | Got faerie dragon scales
 69439 | Depths:3 | Identified the +1 faerie dragon scales {+Inv rCorr} (You took it off the Enchantress on level 3 of the Depths)
 70136 | Depths:3 | Found a gateway to a ziggurat.
 70333 | Depths:3 | Received a gift from Trog
 71274 | Depths:3 | Noticed a caustic shrike
 71275 | Depths:3 | Noticed a caustic shrike
 71277 | Depths:3 | Noticed a caustic shrike
 71525 | Depths:3 | Noticed a caustic shrike
 71528 | Depths:3 | Noticed a caustic shrike
 71541 | Depths:2 | Killed a caustic shrike
 71541 | Depths:2 | Reached skill level 14 in Evocations
 71983 | Depths:2 | Killed a caustic shrike
 72337 | Depths:2 | Killed a caustic shrike
 72512 | Depths:2 | Received a gift from Trog
 73017 | Depths:3 | Killed a caustic shrike
 73225 | Depths:2 | Killed a caustic shrike
 73225 | Depths:2 | Reached XP level 25. HP: 134/191 MP: 33/33
 73503 | Depths:2 | Received a gift from Trog
 73903 | Depths:3 | Received a gift from Trog
 74254 | Depths:3 | Paralysed by a great orb of eyes for 3 turns
 74283 | Depths:3 | Received a gift from Trog
 74486 | Depths:3 | Reached skill level 15 in Evocations
 74962 | Depths:3 | Noticed a juggernaut
 75079 | Depths:3 | Killed a juggernaut
 75548 | Depths:3 | Identified the Almanac of Aerial Fire
 75618 | Depths:3 | Received a gift from Trog
 75718 | Depths:3 | Found a one-way gate leading to the halls of Pandemonium.
 77102 | Depths:4 | Received a gift from Trog
 78314 | Depths:4 | Received a gift from Trog
 78376 | Depths:4 | Reached skill level 16 in Evocations
 78972 | Depths:4 | Received a gift from Trog
 79140 | Depths:4 | Reached XP level 26. HP: 144/198 MP: 20/35
 79164 | Depths:4 | Received a gift from Trog
 80061 | Depths:4 | Received a gift from Trog
 80332 | Depths:5 | Entered Level 5 of the Depths
 80367 | Depths:5 | Paralysed by a floating eye for 3 turns
 80401 | Depths:5 | Noticed Margery
 80598 | Depths:4 | Killed Margery
 80615 | Depths:5 | Noticed a juggernaut
 80638 | Depths:4 | Killed a juggernaut
 81114 | Depths:5 | Found Akkuxewygi's Antique Weapon Shop.
 81980 | Depths:5 | Noticed Frederick
 81995 | Depths:5 | Killed Frederick
 82154 | Depths:5 | Paralysed by a floating eye for 4 turns
 82157 | Depths:5 | Noticed a juggernaut
 82370 | Depths:5 | Noticed Jory
 82394 | Depths:5 | Killed Jory
 82748 | Depths:5 | Received a gift from Trog
 82831 | Depths:5 | Noticed Mennas
 82901 | Depths:5 | Killed Mennas
 83099 | Depths:5 | Received a gift from Trog
 83146 | Depths:5 | Killed a juggernaut
 83334 | Depths:5 | Upgraded the game from 0.20-a0-1034-gb277f92 to 0.20-a0-1040-gfd09691
 83677 | Slime:1  | Entered Level 1 of the Pits of Slime
 83884 | Slime:2  | Gained mutation: You have a pair of small horns on your head. [a shining eye]
 83957 | Slime:1  | Gained mutation: Your spells are a little easier to cast, but a little less powerful. [a shining eye]
 84232 | Slime:2  | Gained mutation: You occasionally shout uncontrollably at your foes. [a shining eye]
 84689 | Slime:3  | Received a gift from Trog
 85104 | Slime:5  | Entered Level 5 of the Pits of Slime
 85231 | Slime:5  | Gained mutation: You have a pair of horns on your head. [a shining eye]
 85238 | Slime:5  | Reached XP level 27. HP: 197/205 MP: 35/35
 85252 | Slime:5  | Found a viscous altar of Jiyva.
 85253 | Slime:5  | Noticed the Royal Jelly
 85273 | Slime:5  | Killed the Royal Jelly
 85574 | Slime:5  | Paralysed by a floating eye for 4 turns
 85578 | Slime:5  | Slain by an acid blob

Inventory:

Hand Weapons
 a - a +3 double sword of draining (weapon)
 b - a +6 antimagic demon blade
 h - a +2 scimitar of flaming
Missiles
 R - 3 throwing nets
 W - 18 silver javelins (quivered)
Armour
 q - a +2 pair of gloves (worn)
 w - the +8 orange crystal plate armour (worn) {Archmagi, Int+3 Clar}
   (You acquired it on level 2 of the Vaults)

   It affects your intelligence (+3).
   It protects you against confusion.
 z - a +2 buckler of protection (worn)
 E - the scarf "Seqidd" (worn) {rElec SInv}
   (You acquired it on level 2 of the Vaults)

   It insulates you from electricity.
   It lets you see invisible.
 H - a +2 helmet
 O - the +2 pair of boots of Imnoh (worn) {rF+ Int+3}
   (You bought it in a shop on level 13 of the Dungeon)

   It affects your intelligence (+3).
   It protects you from fire.
Jewellery
 c - the ring "Wuxkowk" (left hand) {rCorr +Inv rC+ Str+4 Int+3}
   (You bought it in a shop on level 13 of the Dungeon)

   [ring of resist corrosion]

   It affects your strength (+4).
   It affects your intelligence (+3).
   It protects you from cold.
   It lets you turn invisible.
 n - an uncursed ring of positive energy
 p - an uncursed ring of poison resistance
 s - a +5 ring of strength (right hand)
 L - the amulet "Cuupovoff" (around neck) {Faith rElec rF+}
   (You took it off a deep elf mage on level 1 of the Elven Halls)

   [amulet of faith]

   It allows you to gain divine favour quickly.
   It protects you from fire.
   It insulates you from electricity.
Wands
 e - a wand of acid (2/15)
 r - a wand of polymorph (21/24)
 u - a wand of digging (7/24)
 x - a wand of confusion (10/48)
 N - a wand of scattershot (2/9)
 T - a wand of paralysis (11/24)
 V - a wand of iceblast (2/15)
Scrolls
 j - 5 scrolls of identify
 C - a scroll of silence
 G - 12 scrolls of remove curse
 I - 4 scrolls of recharging
 J - 5 scrolls of fear
 M - 4 scrolls of fog
 Q - 9 scrolls of magic mapping
 S - 2 scrolls of teleportation
 U - 4 scrolls of blinking
Potions
 d - 10 potions of flight
 f - 7 potions of resistance
 m - 4 potions of haste
 o - 2 potions of might
 v - 2 potions of invisibility
 B - 5 potions of cancellation
 F - 6 potions of heal wounds
 X - 2 potions of agility
 Y - 16 potions of curing
Books
 y - the Almanac of Aerial Fire
   (You found it on level 3 of the Depths)

   Spells                             Type                      Level
   a - Shock                          Conjuration/Air              1
   b - Throw Flame                    Conjuration/Fire             2
   c - Freezing Cloud                 Conjuration/Ice/Air          6
   d - Ring of Flames                 Charms/Fire                  7
   Trog disapproves of the use of such an item.
Miscellaneous
 i - a lamp of fire (inert)
 t - a phial of floods
 D - a phantom mirror
Comestibles
 g - 4 meat rations
 l - 5 bread rations


   Skills:
 + Level 14.9 Fighting
 - Level 14.1 Long Blades
 - Level 11.0 Throwing
 + Level 14.8 Armour
 + Level 12.8 Dodging
 - Level 12.6 Shields
 - Level 16.3 Evocations


You had 26 spell levels left.
You didn't know any spells.

Dungeon Overview and Level Annotations

Branches:
Dungeon (15/15)            Temple (0/1) D:7            Lair (6/6) D:10
  Swamp (4/4) Lair:4       Spider (4/4) Lair:3        Slime (5/5) Lair:6
    Orc (2/2) D:12            Elf (2/3) Orc:2        Vaults (4/5) D:14
  Crypt (0/3) Vaults:2     Depths (5/5) D:15
    Zot: Depths:5

Altars:
Cheibriados
Dithmenos
Elyvilon
Hepliaklqana
Kikubaaqudgha
Okawaru
Ru
Sif Muna
Trog
Wu Jian
Yredelemnul
The Shining One
Beogh
Jiyva

Shops:
D:5 !   D:12 (   D:13 =[[   D:14 *   Orc:2 %[!(   Elf:1 =}=   Vaults:1 =
Vaults:4 (   Depths:5 (

Portals:
Hell: Depths:1 Depths:2 Depths:3 Depths:4 Depths:5
Abyss: Depths:2 Depths:4 Depths:5
Pandemonium: Depths:3 Depths:5
Ziggurat: Depths:3

Annotations:
Elf:2 1 exclusion


Innate Abilities, Weirdness & Mutations

You have a short attention span.
You have very sharp teeth.
Your uncanny sense of smell can sniff out nearby items.
You have a pair of horns on your head.
You occasionally shout uncontrollably at your foes.
Your spells are a little easier to cast, but a little less powerful.

Vault maps used:
D:1:      roderic_crossed_star, serial_bayou_ford_a, minmay_misc_feat_doors
D:2:      elyvilon_altar_5, uniq_natasha
D:3:      lemuel_doored_altar, first_bread, grunt_decor_one_mirror,
          nicolae_tso_swordbearing_angel, uniq_jessica, uniq_terence
D:4:      yredelemnul_altar_generic
D:5:      serial_shops, shop, uniq_sigmund, uniq_prince_ribbit1
D:6:      nicolae_ru_the_path_less_chosen, nicolae_zen_rock_garden
D:7:      kennysheep_six_static_rooms, minmay_temple_entry_overgrown,
          basic_altar, minmay_hedge_maze, grunt_livestock
D:8:      old_standard_altar, grunt_dithmenos_shadows
D:9:      kennysheep_mini, roderic_lattice_a, uniq_grum, uniq_gastronok,
          uniq_erolcha, uniq_erica
D:10:     erik_lair_island
D:11:     minmay_quarter_circles, minmay_variable_closet
D:12:     minmay_orc_entry_temple_small, basic_altar, serial_shops, shop,
          uniq_josephine
D:13:     serial_shops, kennysheep_little_box, shop, shop_statue
D:14:     hangedman_vaults_entry_quadrant_bands, minivault_27,
          guppyfry_shop_venom
D:15:     hangedman_depths_entry_civil_slaughter, basic_altar
Lair:1:   lab_entry_generic
Lair:2:   portal_ice_cave_entry_imps
Lair:3:   nicolae_spider_entry_orb_guardian, uniq_rupert
Lair:4:   minmay_swamp_entry_worms, nicolae_volcano_entry_two_sided
Lair:6:   grunt_lair_end_beastmaster, minmay_slime_entry_pillars,
          lemuel_fruit_tree, grunt_megastairs_2
Swamp:1:  serial_swamp_ruin, evilmike_swamp_ruin_house_6,
          evilmike_swamp_ruin_house_2, swamp_pool1
Swamp:2:  hangedman_swamp_ruin_wall, swamp_pool1, hangedman_swamp_muck
Swamp:3:  cheibrodos_swamp_sealed, nicolae_swamp_godswood, uniq_bai_suzhen
Swamp:4:  swamp_icy, swamp_pool4, roderic_carrion_pond
Spider:4: guppyfry_spider_rune
Slime:2:  nicolae_slime_round_cave
Slime:4:  cheibrodos_slime_lost_civilization_1, nicolae_slime_phagocytosis
Orc:1:    nicolae_orc_rockfall, minmay_orc_temple_b
Orc:2:    st_orc_open, uniq_maurice
Elf:1:    cheibrodos_salmonella, hangedman_elf_disciples, minmay_shop_grove,
          uniq_nikola
Elf:2:    lemuel_flamethrower_3, uniq_jorgrun
Vaults:1: nicolae_vaults_network_square, v_misc_28, v_alt_pattern_5,
          vaults_mumra_chevron, vaults_mumra_chevron_long, st_more_cells,
          nicolae_vaults_little_squares_1, grunt_vaults_trifunnel, v_misc_23,
          serial_shops, shop, uniq_aizul
Vaults:2: ontoclasm_vaults_fault, minmay_crypt_entry_simple_walls,
          ontoclasm_vaults_ring_square, nicolae_vaults_network_quinsquares,
          dpeg_vaults_monster_row, hangedman_vaults_stretched_pinwheel,
          nicolae_vaults_hallways_thing, grunt_vaults_bifocal,
          nicolae_vaults_theta, nicolae_vaults_little_squares_5,
          dpeg_vaults_monster_box
Vaults:3: v_pattern_4, vaults_room_corners, grunt_vaults_focal,
          ontoclasm_vaults_ligature, v_misc_25, ontoclasm_vaults_shuriken,
          vaults_standard_mumra_x, nicolae_vaults_angled_halls
Vaults:4: nicolae_vaults_border_crossing, v_misc_4, nicolae_vaults_triangles,
          vaults_room_hallway, hangedman_vaults_nodes, v_misc_18,
          vaults_room_door_ring, grunt_vaults_hallway_long,
          vaults_mumra_hexcomb, serial_shops, nicolae_shop_statue_plus
Depths:1: kennysheep_big_empty_room, hell_entry, nrook_kobold_shadow_demons,
          kennysheep_random_hallway
Depths:2: hangedman_spin_cycle, hell_entry, abyss_entry
Depths:3: grunt_twisty_corner, enter_ziggurat_e, pan_entry,
          hangedman_coc_ice_floe, minmay_misc_feat_x, uniq_enchantress
Depths:4: kennysheep_room_grid, hellmouth_3, mu_enter_wizlab_1,
          serial_sigils_hangedman_confine, abyss_entry
Depths:5: grunt_zot_entry_gee_three, grunt_pan_entry_spiral,
          abyss_entry_crystal, serial_shops, shop, hell_entry,
          serial_bayou_shore_a, uniq_mennas, uniq_margery, uniq_jory,
          uniq_frederick
Lab:      labyrinth_mini_lab
IceCv:    ice_cave_statue_garden_chambered
Volcano:  kennysheep_volcano_temple


Message History

You resist.
There is a stone staircase leading up here.
The acid blob spits acid at you. The splash of acid hits you!
You are splashed with acid!
The acid burns!
You resist. The acid blob spits acid at you. The splash of acid hits you!
You resist.
You are splashed with acid!
The acid burns!
You resist.
Unknown command.
The acid blob spits acid at you. The splash of acid hits you!
You are splashed with acid!
The acid burns!
You resist. The death ooze hits you!
You feel your flesh rotting away! The death ooze barely misses you.
You block the death ooze's attack. x2
You climb upwards.
There is a stone staircase leading down, spattered with blood here.
Unknown command.
You slice the death ooze!! You headbutt the death ooze.
The death ooze is severely damaged.
You slice the death ooze!!
You destroy the death ooze!
That felt strangely unrewarding.
No target in view!
No target in view!
You start resting.
HP restored.
You climb downwards.
The azure jelly quivers.
The acid blob spits acid at you. The splash of acid hits you!
You are splashed with acid!
The acid burns!
You resist. The acid blob spits acid at you. The splash of acid hits you!
The acid corrodes you!
You are splashed with acid!
The acid burns!
You resist.
There is a stone staircase leading up, spattered with blood here.
The acid blob quivers.
The acid blob jiggles.
The acid blob spits acid at you. The splash of acid hits you! You resist.
You are splashed with acid!
The acid burns!
You resist. The acid blob spits acid at you. The splash of acid hits you!
You are splashed with acid!
The acid burns!
You resist. The acid blob spits acid at you. The splash of acid hits you!
You resist.
You are splashed with acid!
The acid burns!
You resist.
Unknown command.
Unknown command.
You slice the acid blob!! You drain the acid blob!
Your hands burn!
You headbutt the acid blob, but do no damage.
The acid blob is moderately wounded.
The acid blob hits you!
You are splashed with acid!
The acid burns!
You resist.
Unknown command.
You slice the acid blob!!
Your hands burn!
You headbutt the acid blob!
You bite the acid blob, but do no damage.
The acid blob is severely wounded.
The acid blob misses you.
You riposte.
You slash the acid blob! You drain the acid blob!
You bite the acid blob, but do no damage.
The acid blob is almost dead.
The acid blob spits acid at you. The splash of acid hits you!
The acid corrodes you!
You are splashed with acid!
The acid burns!
You resist.
You hit the acid blob but do no damage. You drain the acid blob!
Your hands burn!
You headbutt the acid blob.
The acid blob is almost dead.
The floating eye gazes piercingly through you!
You suddenly lose the ability to move!
The azure jelly hits you but does no damage.
The azure jelly completely misses you.
The azure jelly hits you but does no damage.
The azure jelly hits you!
The floating eye's stare focuses on you.
The acid blob hits you but does no damage.
The azure jelly hits you but does no damage. x4
The acid blob hits you!
You are splashed with acid!
The acid burns!
You resist.
The floating eye gazes piercingly through you!
You shrug off the repeated paralysis!
The acid blob hits you but does no damage.
The azure jelly hits you. The azure jelly freezes you!! You resist.
The azure jelly hits you but does no damage. x2
The azure jelly hits you!
The acid blob hits you but does no damage.
The acid blob hits you! The acid corrodes you!
You are splashed with acid!
The acid burns!
You resist. The floating eye's view fixates on you.
The azure jelly completely misses you. The azure jelly hits you.
The azure jelly freezes you!! You resist.
* * * LOW HITPOINT WARNING * * *
The azure jelly hits you!
* * * LOW HITPOINT WARNING * * *
The azure jelly hits you but does no damage.
The acid blob hits you.
* * * LOW HITPOINT WARNING * * *
You are splashed with acid!
The acid burns!
You resist.
* * * LOW HITPOINT WARNING * * *
The acid blob hits you!
* * * LOW HITPOINT WARNING * * *
You are splashed with acid!
The acid burns!
You resist.
* * * LOW HITPOINT WARNING * * *
The acid blob hits you!!
You die...

..... ...... ##.......
#......... #.##
#####..........
#..#.###.#.............
...........J............
.........@J.............
##......JJJ.............
#......................#
##...........G.........##(#
#.....................# %=)
#....................# ∆}[#
....................##∆∆|:(
....................# ∆∆|!.
....................# ∆[.}


You could see 4 acid blobs, an azure jelly and a floating eye.

Vanquished Creatures
  the Royal Jelly (Slime:5)
  Mennas (Depths:5)
  3 juggernauts
  Saint Roka (Depths:2)
  Frederick (Depths:5)
  Margery (Depths:4)
  5 caustic shrikes
  2 golden dragons
  the Enchantress (Depths:3)
  Nikola (Elf:1)
  3 tentacled monstrosities
  4 liches
  Rupert (Lair:3)
  2 quicksilver dragons
  2 sphinxes
  9 acid blobs
  2 ancient champions
  2 titans
  3 storm dragons
  2 shadow dragons
  4 tengu reavers
  12 fire giants
  4 azure jellies
  9 frost giants
  3 deep elf sorcerers
  3 emperor scorpions (Spider:4)
  2 iron dragons
  5 ghost moths
  Aizul (Vaults:1)
  13 vault wardens
  8 spriggan defenders
  A deep elf elementalist (Elf:2)
  2 ghouls
  15 ironheart preservers
  26 stone giants
  A war gargoyle (Vaults:1)
  36 very ugly things
  2 lorocyprocas (Depths:1)
  A deep elf demonologist (Vaults:4)
  6 entropy weavers
  A red draconian (Volcano)
  5 vampire knights
  A purple draconian (Depths:5)
  13 ettins
  17 spark wasps
  A minotaur (Lab)
  Josephine (D:12)
  2 deep elf death magi
  A merfolk impaler (Depths:1)
  3 death oozes
  15 yaktaur captains
  12 great orbs of eyes
  2 jiangshi (Vaults:2)
  11 fire dragons
  11 vault guards
  Erolcha (D:9)
  16 hydras
  7 rakshasas
  14 centaur warriors
  7 spriggan air magi
  11 ice dragons
  A ghost crab (Swamp:2)
  An ice dragon (shapeshifter) (Depths:5)
  5 death knights
  An anaconda (D:14)
  2 catoblepae
  14 dancing weapons
  93 two-headed ogres
  10 tengu warriors
  11 alligators
  Erica (D:9)
  19 deep troll shamans
  An orc high priest (Depths:2)
  10 death yaks
  28 ogre magi
  A satyr (shapeshifter) (Vaults:3)
  17 deep troll earth magi
  8 spriggan berserkers
  34 hell knights
  A shock serpent (shapeshifter) (Elf:2)
  A soul eater (Depths:1)
  5 iron trolls
  2 fire crabs (shapeshifter) (Vaults:3)
  8 skeletal warriors
  7 deep elf knights
  An unseen horror (Vaults:1)
  An unseen horror (shapeshifter) (Vaults:2)
  8 glowing orange brains
  A spriggan druid (Swamp:3)
  13 flayed ghosts
  40 deep trolls
  A shadow demon (Depths:1)
  12 deep elf archers
  3 shambling mangroves (Swamp:2)
  21 ironbrand convokers
  7 necromancers
  4 harpies (Vaults:3)
  A mana viper (shapeshifter) (Vaults:1)
  9 wizards
  5 phantasmal warriors
  24 orb spiders
  28 wolf spiders
  A frost giant zombie (Depths:1)
  20 orc knights
  63 ugly things
  A salamander (shapeshifter) (Vaults:3)
  13 cyclopes
  2 manticores
  A sphinx skeleton (Depths:1)
  4 orc sorcerers
  5 shining eyes
  11 elephants
  44 deep elf magi
  4 moths of wrath
  21 vault sentinels
  7 black mambas
  A guardian serpent (shapeshifter) (Vaults:3)
  An eye of devastation (Slime:2)
  A rust devil (Vaults:1)
  2 torpor snails
  A stone giant skeleton (Depths:1)
  11 spiny frogs
  A spiny frog (shapeshifter) (Depths:3)
  5 gargoyles
  3 kobold demonologists
  82 yaktaurs
  A hellion (Depths:4)
  12 freezing wraiths
  A komodo dragon (shapeshifter) (Depths:1)
  4 hellwings
  An efreet (D:14)
  5 komodo dragons
  22 demonic crawlers
  A harpy zombie (D:15)
  3 polar bears
  10 tengu conjurers
  18 trolls
  A meliai (shapeshifter) (Depths:2)
  4 red devils
  Prince Ribbit (D:5)
  4 tyrant leeches
  26 blink frogs
  35 jumping spiders
  18 hornets
  A fire dragon zombie (Depths:1)
  8 bog bodies
  96 slime creatures
  2 meliai zombies
  14 hippogriffs
  A dream sheep (shapeshifter) (Depths:1)
  A fire giant simulacrum (Vaults:3)
  A vampire (D:14)
  9 water elementals
  10 wraiths
  5 spriggans
  12 air elementals
  A wyvern (D:15)
  64 redbacks
  20 yaks
  A deep troll skeleton (Depths:1)
  3 shadows
  Sigmund (D:5)
  23 tarantellas
  4 hogs (D:7)
  A human (shapeshifter) (Vaults:1)
  A fire elemental (Elf:1)
  6 golden eyes
  2 swamp worm simulacra (Swamp:4)
  A human (D:7)
  5 hungry ghosts
  4 basilisks
  A yaktaur simulacrum (Vaults:2)
  Grum (D:9)
  18 vampire mosquitoes
  19 swamp worms
  3 insubstantial wisps (Swamp:2)
  8 wargs
  A soldier ant (D:14)
  2 acid dragons (shapeshifter)
  15 water moccasins
  4 floating eyes
  9 hydra simulacra (Swamp:4)
  4 acid dragons
  3 hell hounds (Depths:4)
  5 porcupines
  6 black bears
  47 orc warriors
  12 ice beasts
  2 sky beasts (shapeshifter)
  9 swamp drakes
  An ice beast (shapeshifter) (Depths:2)
  8 sky beasts
  An ettin simulacrum (Vaults:1)
  4 necrophages (Swamp:4)
  4 eyes of draining
  75 ogres
  An eye of draining (shapeshifter) (Depths:5)
  21 wolves
  7 boggarts
  17 centaurs
  11 crocodiles
  2 bullfrogs (shapeshifter)
  3 earth elementals
  6 big kobolds
  22 bullfrogs
  3 wyvern zombies
  2 wyvern skeletons
  A water moccasin skeleton (D:11)
  10 scorpions
  16 killer bees
  11 howler monkeys
  7 wights
  An electric eel (D:10)
  11 crimson imps
  2 bullfrog zombies
  6 centaur zombies
  13 hounds
  2 quasits
  2 gnoll shamans
  7 jellies
  A bullfrog skeleton (D:11)
  31 orc priests
  38 orc wizards
  7 centaur skeletons
  Terence (D:3)
  Jessica (D:3)
  Natasha (thrice) (D:2)
  10 iguanas
  12 worker ants
  2 hound skeletons
  A howler monkey zombie (D:9)
  12 gnolls
  16 adders
  6 shadow imps
  13 white imps
  2 oozes
  6 swamp drake simulacra (Swamp:4)
  An adder zombie (D:8)
  2 adder skeletons
  7 worms
  3 dart slugs (D:2)
  6 leopard geckos
  104 orcs
  A ball python (D:1)
  7 bats
  5 giant cockroaches
  6 goblins
  10 hobgoblins
  13 jackals
  23 kobolds
  7 quokkas
  5 frilled lizards
  2 leopard gecko skeletons
  A leopard gecko zombie (D:5)
  2 quokka skeletons
  6 rats
2401 creatures vanquished.

Vanquished Creatures (collateral kills)
  Bai Suzhen (Swamp:3)
  A golden dragon (Depths:3)
  Jory (Depths:5)
  2 acid blobs (Slime:5)
  A thorn hunter (Swamp:4)
  Gastronok (D:9)
  A vault warden (Vaults:4)
  A deep elf annihilator (Depths:3)
  A death ooze (Slime:5)
  A yaktaur captain (Depths:3)
  A great orb of eyes (Slime:5)
  A death knight (Depths:1)
  3 deep troll shamans
  An ogre mage (Volcano)
  An alligator (Swamp:3)
  2 spriggans (Swamp:3)
  4 hell knights
  An iron troll (Depths:5)
  A shambling mangrove (Swamp:4)
  A lindwurm (Lair:6)
  2 deep trolls (Depths:5)
  2 necromancers
  2 ugly things (D:15)
  A spiny frog (Swamp:3)
  2 yaktaurs (Vaults:4)
  3 meliai (D:15)
  A hornet (Swamp:3)
  A water moccasin (Lair:6)
  5 hydra simulacra (Swamp:4)
  A black bear (D:8)
  An ogre (Vaults:4)
  A quasit (D:15)
49 creatures vanquished.

Vanquished Creatures (others)
  A necromancer (Depths:3)
  A wolf spider (Spider:4)
  An orb spider (Spider:1)
  2 deep elf magi
  5 slime creatures (Swamp:4)
  3 vampire mosquitoes (Swamp:4)
  2 orc warriors (Depths:2)
  A swamp drake (Swamp:4)
  An electric eel (Slime:4)
  A leopard gecko (D:11)
  13 fungi
  10 plants
41 creatures vanquished.

Grand Total: 2491 creatures vanquished

Action                   |  1- 3 |  4- 6 |  7- 9 | 10-12 | 13-15 | 16-18 | 19-21 | 22-24 | 25-27 || total
-------------------------+-------+-------+-------+-------+-------+-------+-------+-------+-------++-------
Melee: Falchion          |    94 |       |    30 |       |       |       |       |       |       ||   124
       Bite              |    19 |    20 |    66 |   112 |   298 |   459 |   558 |   587 |   497 ||  2616
       Short sword       |     7 |   182 |   354 |   163 |       |       |       |       |       ||   706
       Long sword        |       |       |    56 |       |       |       |       |       |       ||    56
       Scimitar          |       |       |     7 |   523 |  1153 |   422 |       |       |       ||  2105
       Great sword       |       |       |       |    30 |       |       |       |       |       ||    30
       Demon blade       |       |       |       |     6 |       |   214 |   140 |  1014 |   954 ||  2328
       Double sword      |       |       |       |       |   317 |  1284 |  2202 |  1672 |  1108 ||  6583
       Headbutt          |       |       |       |       |       |       |       |       |   131 ||   131
Throw: Tomahawk          |       |       |       |     1 |     4 |       |       |       |       ||     5
       Javelin           |       |       |       |       |       |     2 |   102 |    26 |    64 ||   194
       Throwing net      |       |       |       |       |       |       |     1 |       |       ||     1
Invok: Berserk           |     1 |     2 |     8 |     7 |     9 |    15 |    15 |    24 |    15 ||    96
       Trog's Hand       |       |       |     1 |     1 |     7 |    14 |    24 |    18 |    11 ||    76
       Burn Spellbooks   |       |       |       |     4 |     2 |     3 |     2 |     3 |     2 ||    16
       Brothers in Arms  |       |       |       |     1 |     4 |     6 |       |     3 |     5 ||    19
 Abil: Evoke Invisibilit |       |       |       |       |       |       |       |     3 |       ||     3
Evoke: Wand              |       |       |       |     4 |    25 |    16 |     9 |    29 |    13 ||    96
       Lamp of fire      |       |       |       |       |       |       |       |     1 |     3 ||     4
       Phial of floods   |       |       |       |       |       |       |       |       |     1 ||     1
       Sack of spiders   |       |       |       |       |       |       |       |       |     1 ||     1
  Use: Scroll            |       |     8 |    11 |     8 |    14 |     9 |    10 |    19 |     5 ||    84
       Potion            |       |       |       |       |     1 |     7 |     5 |     3 |     7 ||    23
 Stab: Distracted        |       |       |       |     1 |       |     1 |       |     2 |       ||     4
       Confused          |       |       |       |       |     7 |     1 |       |       |       ||     8
       Petrified         |       |       |       |       |     8 |       |       |       |       ||     8
       Petrifying        |       |       |       |       |     1 |       |       |       |       ||     1
       Invisible         |       |       |       |       |       |       |       |     7 |       ||     7
       Paralysed         |       |       |       |       |       |       |       |     3 |       ||     3
  Eat: Chunk             |     2 |     8 |    16 |    20 |    25 |    25 |    23 |    26 |    31 ||   176
       Royal jelly       |       |     1 |     3 |     4 |     4 |     3 |     3 |     5 |     3 ||    26
       Fruit             |       |     1 |       |       |    11 |     4 |     3 |    14 |     1 ||    34
       Bread ration      |       |       |       |       |     2 |     4 |     4 |     4 |     1 ||    15
       Meat ration       |       |       |       |       |     1 |     3 |     5 |     6 |     3 ||    18
Armor: Animal skin       |    15 |       |       |       |       |       |       |       |       ||    15
       Chain mail        |     6 |    70 |   191 |   295 |   399 |   106 |       |       |       ||  1067
       Scale mail        |     5 |       |       |       |       |       |       |       |       ||     5
       Ring mail         |       |       |       |       |    17 |   192 |       |       |       ||   209
       Plate armour      |       |       |       |       |       |   104 |   711 |       |       ||   815
       Crystal plate arm |       |       |       |       |       |       |   381 |  1298 |  1131 ||  2810
Dodge: Dodged            |    56 |    56 |   214 |   430 |   667 |   883 |  1232 |   801 |   739 ||  5078
Block: Other             |       |       |     3 |    19 |       |       |       |       |       ||    22
       Shield            |       |       |       |   187 |   743 |   889 |  1564 |  1005 |       ||  4388
       Buckler           |       |       |       |       |       |       |       |   185 |   784 ||   969
       Rpst.: Falchion   |    25 |       |     5 |       |       |       |       |       |       ||    30
       Long sword        |       |       |    15 |       |       |       |       |       |       ||    15
       Scimitar          |       |       |       |    91 |   146 |    47 |       |       |       ||   284
       Great sword       |       |       |       |     5 |       |       |       |       |       ||     5
       Double sword      |       |       |       |       |    24 |   136 |   241 |   129 |    82 ||   612
       Demon blade       |       |       |       |       |       |    14 |     8 |    45 |    45 ||   112

Action                   |  1- 3 |  4- 6 |  7- 9 | 10-12 | 13-15 | 16-18 | 19-21 | 22-24 | 25-27 || total
-------------------------+-------+-------+-------+-------+-------+-------+-------+-------+-------++-------
Melee: Falchion          |    94 |       |    30 |       |       |       |       |       |       ||   124
       Bite              |    19 |    20 |    66 |   112 |   298 |   459 |   558 |   587 |   497 ||  2616
       Short sword       |     7 |   182 |   354 |   163 |       |       |       |       |       ||   706
       Long sword        |       |       |    56 |       |       |       |       |       |       ||    56
       Scimitar          |       |       |     7 |   523 |  1153 |   422 |       |       |       ||  2105
       Great sword       |       |       |       |    30 |       |       |       |       |       ||    30
       Demon blade       |       |       |       |     6 |       |   214 |   140 |  1014 |   954 ||  2328
       Double sword      |       |       |       |       |   317 |  1284 |  2202 |  1672 |  1108 ||  6583
       Headbutt          |       |       |       |       |       |       |       |       |   131 ||   131
Throw: Tomahawk          |       |       |       |     1 |     4 |       |       |       |       ||     5
       Javelin           |       |       |       |       |       |     2 |   102 |    26 |    64 ||   194
       Throwing net      |       |       |       |       |       |       |     1 |       |       ||     1
Invok: Berserk           |     1 |     2 |     8 |     7 |     9 |    15 |    15 |    24 |    15 ||    96
       Trog's Hand       |       |       |     1 |     1 |     7 |    14 |    24 |    18 |    11 ||    76
       Burn Spellbooks   |       |       |       |     4 |     2 |     3 |     2 |     3 |     2 ||    16
       Brothers in Arms  |       |       |       |     1 |     4 |     6 |       |     3 |     5 ||    19
 Abil: Evoke Invisibilit |       |       |       |       |       |       |       |     3 |       ||     3
Evoke: Wand              |       |       |       |     4 |    25 |    16 |     9 |    29 |    13 ||    96
       Lamp of fire      |       |       |       |       |       |       |       |     1 |     3 ||     4
       Phial of floods   |       |       |       |       |       |       |       |       |     1 ||     1
       Sack of spiders   |       |       |       |       |       |       |       |       |     1 ||     1
  Use: Scroll            |       |     8 |    11 |     8 |    14 |     9 |    10 |    19 |     5 ||    84
       Potion            |       |       |       |       |     1 |     7 |     5 |     3 |     7 ||    23
 Stab: Distracted        |       |       |       |     1 |       |     1 |       |     2 |       ||     4
       Confused          |       |       |       |       |     7 |     1 |       |       |       ||     8
       Petrified         |       |       |       |       |     8 |       |       |       |       ||     8
       Petrifying        |       |       |       |       |     1 |       |       |       |       ||     1
       Invisible         |       |       |       |       |       |       |       |     7 |       ||     7
       Paralysed         |       |       |       |       |       |       |       |     3 |       ||     3
  Eat: Chunk             |     2 |     8 |    16 |    20 |    25 |    25 |    23 |    26 |    31 ||   176
       Royal jelly       |       |     1 |     3 |     4 |     4 |     3 |     3 |     5 |     3 ||    26
       Fruit             |       |     1 |       |       |    11 |     4 |     3 |    14 |     1 ||    34
       Bread ration      |       |       |       |       |     2 |     4 |     4 |     4 |     1 ||    15
       Meat ration       |       |       |       |       |     1 |     3 |     5 |     6 |     3 ||    18
Armor: Animal skin       |    15 |       |       |       |       |       |       |       |       ||    15
       Chain mail        |     6 |    70 |   191 |   295 |   399 |   106 |       |       |       ||  1067
       Scale mail        |     5 |       |       |       |       |       |       |       |       ||     5
       Ring mail         |       |       |       |       |    17 |   192 |       |       |       ||   209
       Plate armour      |       |       |       |       |       |   104 |   711 |       |       ||   815
       Crystal plate arm |       |       |       |       |       |       |   381 |  1298 |  1131 ||  2810
Dodge: Dodged            |    56 |    56 |   214 |   430 |   667 |   883 |  1232 |   801 |   739 ||  5078
Block: Other             |       |       |     3 |    19 |       |       |       |       |       ||    22
       Shield            |       |       |       |   187 |   743 |   889 |  1564 |  1005 |       ||  4388
       Buckler           |       |       |       |       |       |       |       |   185 |   784 ||   969
       Rpst.: Falchion   |    25 |       |     5 |       |       |       |       |       |       ||    30
       Long sword        |       |       |    15 |       |       |       |       |       |       ||    15
       Scimitar          |       |       |       |    91 |   146 |    47 |       |       |       ||   284
       Great sword       |       |       |       |     5 |       |       |       |       |       ||     5
       Double sword      |       |       |       |       |    24 |   136 |   241 |   129 |    82 ||   612
       Demon blade       |       |       |       |       |       |    14 |     8 |    45 |    45 ||   112
